 Dungeon Sprint DCSS version 0.30-a0-360-g447f08457e (webtiles) character file.

Game seed: 32644369131793907

23296 Pestilence the Warrior (level 12, -18/114 HPs)
             Began as a Demonspawn Gladiator on Nov 13, 2022.
             Was a High Priest of Makhleb.
             Demolished by an ettin
             ... wielding a +0 dire flail
              (35 damage)
             ... in the Dungeon (Sprint IX: "|||||||||||||||||||||||||||||").
             The game lasted 00:09:52 (3093 turns).

Pestilence the Warrior (Demonspawn Gladiator)       Turns: 3093, Time: 00:09:53

Health: -18/114    AC: 22    Str: 21    XL:     12   Next: 70%
Magic:  24/24      EV: 14    Int:  9    God:    Makhleb [*****.]
Gold:   1317       SH:  0    Dex: 17    Spells: 6/11 levels left

rFire   . . .      SeeInvis .    n - +6 scimitar (vorpal)
rCold   . . .      Faith    .    (no shield)
rNeg    . . .      Spirit   .    u - +3 chain mail
rPois   .          Reflect  .    c - +0 helmet
rElec   .          Harm     .    (no cloak)
rCorr   .          Rampage  .    y - +2 pair of gloves
Will    .....      NoTele   +    (boots unavailable)
Stlth   ..........               (no amulet)
HPRegen 0.39/turn                q - +3 ring of strength
MPRegen 0.19/turn                r - +2 ring of protection

@: mighty, on berserk cooldown, hasted and slowed
A: hooves 3, yellow scales 2, foul stench 2, deformed body
a: Renounce Religion, Minor Destruction, Lesser Servant of Makhleb, Major
Destruction, Greater Servant of Makhleb


You were in the Dungeon.
You worshipped Makhleb.
Makhleb was extremely pleased with you.
You visited 1 branch You collected 1917 gold pieces.
You spent 600 gold pieces at shops.

Inventory:

Hand Weapons
 n - a +6 vorpal scimitar (weapon)
 o - a +1 double sword
Missiles
 d - a throwing net (quivered)
 e - a javelin
Armour
 c - a +0 helmet (worn)
 u - a +3 chain mail (worn)
 y - a +2 pair of gloves (worn)
Jewellery
 q - a +3 ring of strength (left hand)
 r - a +2 ring of protection (right hand)
Wands
 m - a wand of flame (6)
Scrolls
 k - 2 scrolls of amnesia
 t - a scroll of enchant armour
 v - 2 scrolls of identify
 w - a scroll of butterflies
Potions
 b - 3 potions of brilliance
 f - 3 potions of curing
 h - 2 potions of haste
 i - 4 potions of magic
 j - a potion of invisibility
 z - 2 potions of heal wounds


   Skills:
 + Level 17.3 Fighting
 + Level 16.1 Long Blades
 - Level 1.7 Throwing
 + Level 13.2 Armour
 - Level 13.1 Dodging
 + Level 16.4 Invocations


You had 6 spell levels left.
You knew the following spells:

 Your Spells              Type           Power      Damage    Failure   Level
a - Freezing Cloud        Conj/Ice/Air   0%         6-21      100%        5

Your spell library contained the following spells:

 Spells                   Type           Power      Damage    Failure   Level
 Hailstorm                Conj/Ice       0%         3d3       100%        3
 Ignite Poison            Fire/Tmut/Pois 0%         N/A       100%        3
 Kindle Blastsparks       Fire/Tloc/Air  0%         2d10      100%        3
 Ice Form                 Ice/Tmut       0%         N/A       100%        4
 Simulacrum               Ice/Necr       0%         N/A       100%        6


Dungeon Overview and Level Annotations

Branches:
Dungeon (1/1)

Altars:
Cheibriados
Dithmenos
Fedhas
Gozag
Hepliaklqana
Kikubaaqudgha
Makhleb
Nemelex Xobeh
Okawaru
Qazlal
Ru
Sif Muna
Trog
Uskayaw
Vehumet
Wu Jian
Xom
Yredelemnul
Jiyva
Lugonu

Shops:
D :(!(


Innate Abilities, Weirdness & Mutations

You have hooves in place of feet.
You are mostly covered in yellow scales. (AC +3)
You sometimes emit foul miasma when damaged in melee.
Armour fits poorly on your strangely shaped body.


Message History

The cacodemon hits you but does no damage.
The stone giant hits you!!
* * * LOW HITPOINT WARNING * * *
Unknown command.
You slash the stone giant!
You kick the stone giant, but do no damage.
The stone giant is almost dead.
The cacodemon completely misses you. The cacodemon barely misses you.
The stone giant hits you.
* * * LOW HITPOINT WARNING * * *
Unknown command.
You slice the stone giant!!
You kill the stone giant!
Makhleb accepts your kill.
You feel better. The cacodemon hits you.
* * * LOW HITPOINT WARNING * * *
The cacodemon barely misses you.
Unknown command.
As you read the scroll of fear, it crumbles to dust.
You assume a fearsome visage.
The cacodemon resists with almost no effort.
The ettin looks frightened!
The spriggan berserker is unaffected.
The cacodemon gestures at you.
You feel as though you will be slow longer.
Cornered, the ettin turns to fight!
The cacodemon closely misses you.
The cacodemon hits you but does no damage.
Unknown command.
Unknown command.
You feel yourself speed up.
The spriggan berserker rages.
The ettin hits you with a +0 dire flail!
* * * LOW HITPOINT WARNING * * *
The ettin hits you but does no damage. The cacodemon closely misses you.
The cacodemon barely misses you.
Unknown command.
You feel much better.
The ettin hits you with a +0 dire flail!
* * * LOW HITPOINT WARNING * * *
The ettin hits you with a +0 dire flail!!
You die...

▓_▓.▓.▓.▓)▓.▓.▓
▓_▓.▓.▓.▓.▓.▓.▓
▓_▓.▓.▓.▓.▓.▓.▓
▓_▓.▓.▓.▓)▓.▓.▓
▓_▓.▓.▓.▓)▓.▓.▓
▓_▓.▓.▓.▓)▓.▓.▓
▓_▓.▓.▓.▓)▓.▓[▓
▓'▓.▓'▓[▓)▓.▓2▓
▓.▓.▓†▓)▓)▓.▓@▓
▓.▓.▓†▓.▓.▓.▓C▓
▓)▓.▓.▓.▓.▓.▓i▓
▓.▓.▓.▓.▓.▓.▓.▓
▓.▓.▓.▓.▓∩▓.▓.▓
▓.▓.▓.▓.▓.▓.▓.▓
▓.▓.▓.▓.▓∩▓.▓.▓
▓[▓.▓.▓.▓.▓.▓.▓
▓.▓.▓.▓.▓∩▓.▓.▓


You could see a cacodemon (summoned), an ettin and a spriggan berserker
(berserk, regenerating, strong-willed).

Vanquished Creatures
  A very ugly thing (D)
  A stone giant (D)
  An ettin (D)
  2 fire dragons (D)
  Erolcha (D)
  An ogre mage (D)
  A two-headed ogre (D)
  A death yak (D)
  A deep troll earth mage (D)
  3 orc high priests (D)
  3 orc knights (D)
  A harpy (shapeshifter) (D)
  A cyclops (D)
  A black mamba (D)
  3 cane toads (D)
  A kobold demonologist (D)
  6 komodo dragons (D)
  An efreet (D)
  A polar bear (D)
  A wraith (D)
  Grum (D)
  2 yaks (D)
  A vampire mosquito (D)
  2 wargs (D)
  A hell hound (D)
  4 water moccasins (D)
  A black bear (D)
  2 orc warriors (D)
  An ogre (D)
  8 wolves (D)
  A bullfrog (D)
  A howler monkey (D)
  A hound (D)
  4 orc priests (D)
  2 iguanas (D)
  An orc wizard (D)
  9 orcs (D)
  A ball python (D)
  2 hobgoblins (D)
  A jackal (D)
  A rat (D)
79 creatures vanquished.

Vanquished Creatures (collateral kills)
  An ettin (D)
  A boulder beetle (D)
  3 orc high priests (D)
  6 orc knights (D)
  A cyclops (D)
  A basilisk (D)
  A naga (shapeshifter) (D)
  7 orc warriors (D)
  An orc wizard (D)
  An orc (D)
  A giant cockroach simulacrum (D)
24 creatures vanquished.

Grand Total: 103 creatures vanquished

Notes
Turn   | Place    | Note
-------+----------+-------------------------------------------
     0 | D        | Pestilence the Demonspawn Gladiator began the quest for the
                  | Orb.
     0 | D        | Reached XP level 1. HP: 16/16 MP: 1/1
    53 | D        | Noticed a black bear
    53 | D        | Noticed an ogre
    53 | D        | Noticed a hound
    53 | D        | Noticed an iguana
    53 | D        | Noticed an iguana
    61 | D        | Killed a black bear
    62 | D        | Reached skill level 5 in Fighting
    62 | D        | Reached skill level 5 in Long Blades
    62 | D        | Reached skill level 5 in Dodging
    62 | D        | Gained mutation: You may rarely emit foul miasma when
                  | damaged in melee. [demonic ancestry]
    62 | D        | Reached XP level 2. HP: 11/27 MP: 2/2
    62 | D        | Reached XP level 3. HP: 13/33 MP: 3/3
    62 | D        | Gained mutation: You have large cloven feet. [demonic
                  | ancestry]
    62 | D        | Reached XP level 4. HP: 16/39 MP: 4/4
    66 | D        | Killed an ogre
    67 | D        | Reached skill level 6 in Fighting
    67 | D        | Reached XP level 5. HP: 20/47 MP: 5/5
   209 | D        | Reached skill level 7 in Fighting
   226 | D        | Gained mutation: You sometimes emit foul miasma when
                  | damaged in melee. [demonic ancestry]
   226 | D        | Reached XP level 6. HP: 37/55 MP: 6/6
   294 | D        | Found a snail-covered altar of Cheibriados.
   294 | D        | Found a shadowy altar of Dithmenos.
   294 | D        | Found a blossoming altar of Fedhas.
   294 | D        | Found an opulent altar of Gozag.
   295 | D        | Found a hazy altar of Hepliaklqana.
   296 | D        | Found a viscous altar of Jiyva.
   297 | D        | Found an ancient bone altar of Kikubaaqudgha.
   298 | D        | Found a corrupted altar of Lugonu.
   299 | D        | Found a burning altar of Makhleb.
   300 | D        | Found a sparkling altar of Nemelex Xobeh.
   301 | D        | Found an iron altar of Okawaru.
   302 | D        | Found a stormy altar of Qazlal.
   303 | D        | Found a sacrificial altar of Ru.
   304 | D        | Found a shimmering blue altar of Sif Muna.
   305 | D        | Found a bloodstained altar of Trog.
   306 | D        | Found a hide-covered altar of Uskayaw.
   307 | D        | Became a worshipper of Makhleb the Destroyer
   308 | D        | Found a radiant altar of Vehumet.
   309 | D        | Found an ornate altar of the Wu Jian Council.
   310 | D        | Found a shimmering altar of Xom.
   311 | D        | Found a basalt altar of Yredelemnul.
   370 | D        | Noticed an orc warrior
   370 | D        | Noticed a kobold demonologist
   370 | D        | Noticed a two-headed ogre
   370 | D        | Noticed a yak
   377 | D        | Killed an orc warrior
   378 | D        | Reached skill level 8 in Fighting
   388 | D        | Killed a kobold demonologist
   388 | D        | Reached * piety under Makhleb
   389 | D        | Reached skill level 9 in Fighting
   389 | D        | Gained mutation: You are partially covered in yellow
                  | scales. (AC +2) [demonic ancestry]
   389 | D        | Reached XP level 7. HP: 23/64 MP: 7/11
   400 | D        | Killed a two-headed ogre
   401 | D        | Reached skill level 10 in Fighting
   401 | D        | Gained mutation: You are mostly covered in yellow scales.
                  | (AC +3) [demonic ancestry]
   401 | D        | Reached XP level 8. HP: 15/72 MP: 8/14
   410 | D        | Reached ** piety under Makhleb
   572 | D        | Noticed a boulder beetle
   572 | D        | Noticed a queen bee
   572 | D        | Noticed a cyclops
   573 | D        | a queen bee changed into a harpy
   573 | D        | Noticed a harpy (shapeshifter)
   585 | D        | Reached skill level 10 in Long Blades
   585 | D        | Reached skill level 1 in Armour
   585 | D        | Reached skill level 10 in Dodging
   590 | D        | Killed a harpy
   591 | D        | Reached skill level 11 in Fighting
   591 | D        | Gained mutation: You have hoof-like feet. [demonic
                  | ancestry]
   591 | D        | Reached XP level 9. HP: 46/81 MP: 15/15
   595 | D        | Killed a cyclops
   595 | D        | Reached *** piety under Makhleb
   791 | D        | Noticed a komodo dragon
   791 | D        | Noticed a cane toad
   791 | D        | Noticed a black mamba
   794 | D        | Noticed a komodo dragon
   800 | D        | Killed a komodo dragon
   801 | D        | Reached skill level 5 in Armour
   808 | D        | Killed a cane toad
   809 | D        | Reached skill level 12 in Fighting
   811 | D        | Reached **** piety under Makhleb
   818 | D        | Killed a black mamba
   844 | D        | Killed a komodo dragon
   844 | D        | Reached ***** piety under Makhleb
   845 | D        | Reached XP level 10. HP: 55/90 MP: 16/16
   933 | D        | Noticed a death yak
   933 | D        | Noticed a cane toad
   948 | D        | Killed a death yak
   953 | D        | Reached skill level 13 in Fighting
   959 | D        | Noticed a cane toad
   977 | D        | Killed a cane toad
  1140 | D        | Killed a cane toad
  1140 | D        | Reached ****** piety under Makhleb
  1303 | D        | Reached skill level 14 in Fighting
  1393 | D        | Noticed Grum
  1403 | D        | Killed Grum
  1404 | D        | Gained mutation: You have hooves in place of feet. [demonic
                  | ancestry]
  1404 | D        | Reached XP level 11. HP: 98/100 MP: 18/18
  1465 | D        | Noticed an ettin
  1477 | D        | Killed an ettin
  1478 | D        | Reached skill level 10 in Invocations
  1798 | D        | Noticed an orc knight
  1805 | D        | Killed an orc knight
  1823 | D        | Noticed an orc knight
  1829 | D        | Killed an orc knight
  1830 | D        | Reached skill level 10 in Armour
  1969 | D        | Found Koocsiho's Book Emporium.
  1969 | D        | Noticed an orc high priest
  1969 | D        | Noticed an orc knight
  1969 | D        | Noticed an orc knight
  1969 | D        | Noticed an orc high priest
  1969 | D        | Noticed an orc knight
  1971 | D        | Killed an orc high priest
  1974 | D        | Killed an orc knight
  1974 | D        | Killed an orc knight
  1975 | D        | Reached skill level 15 in Fighting
  1975 | D        | Noticed an orc knight
  1976 | D        | Noticed an orc high priest
  1977 | D        | Killed an orc high priest
  1981 | D        | Noticed an orc knight
  1984 | D        | Killed an orc knight
  1993 | D        | Killed an orc knight
  1997 | D        | Killed an orc high priest
  2003 | D        | Killed an orc knight
  2043 | D        | Noticed an orc high priest
  2045 | D        | Killed an orc high priest
  2214 | D        | Found Ocagolil's Weapon Shoppe.
  2218 | D        | Found Sutair's Distillery.
  2222 | D        | Found Notty's Weapon Shoppe.
  2225 | D        | Noticed an orc knight
  2226 | D        | Noticed an orc high priest
  2227 | D        | Noticed an orc high priest
  2228 | D        | Noticed an orc knight
  2238 | D        | Killed an orc knight
  2238 | D        | Killed an orc high priest
  2238 | D        | Killed an orc high priest
  2239 | D        | Reached skill level 16 in Fighting
  2239 | D        | Reached skill level 15 in Long Blades
  2239 | D        | Reached XP level 12. HP: 86/111 MP: 22/22
  2340 | D        | Bought a book of the Tundra for 320 gold pieces
  2340 | D        | Bought a Trismegistus Codex for 280 gold pieces
  2346 | D        | Learned a level 5 spell: Freezing Cloud
  2412 | D        | Noticed Erolcha
  2424 | D        | Killed Erolcha
  2537 | D        | Noticed a boulder beetle
  2537 | D        | Noticed a fire dragon
  2537 | D        | Noticed an ogre mage
  2557 | D        | Noticed a blizzard demon
  2805 | D        | Killed a fire dragon
  2835 | D        | Killed an ogre mage
  2836 | D        | Reached skill level 15 in Invocations
  2890 | D        | Noticed an ettin
  2899 | D        | Killed an ettin
  3003 | D        | Killed a boulder beetle
  3052 | D        | Noticed a fire dragon
  3059 | D        | Noticed a purple very ugly thing
  3060 | D        | Noticed a deep troll earth mage
  3063 | D        | Noticed an ettin
  3065 | D        | Noticed a stone giant
  3067 | D        | Noticed a cacodemon
  3068 | D        | Gained mutation: Armour fits poorly on your strangely
                  | shaped body. [a cacodemon]
  3077 | D        | Killed a fire dragon
  3078 | D        | Reached skill level 17 in Fighting
  3082 | D        | Killed a purple very ugly thing
  3084 | D        | Killed a deep troll earth mage
  3090 | D        | Killed a stone giant
  3093 | D        | Demolished by an ettin

Illustrated notes

Levels and vault maps discovered:
D:        linesprint [early_d, line_temple, items_1, d_10, items_2, lair_1,
          lair_end, items_3, orc_1, orc_end, items_4, d_15, swamp_1, shoals_1,
          snake_1, spider_1, d_20, vaults_1, items_5, swamp_end, shoals_end,
          snake_end, spider_end, vaults_end, d_27, items_6, zot_1, zot_end,
          crypt_end, forest_end, elf_end, slime_end, tomb_end, abyss_end,
          pan_hell_end]

Skill      XL: |  1  2  3  4  5  6  7  8  9 10 11 12 |
---------------+-------------------------------------+-----
Long Blades    | 5 6 7 8 9 10 11 13 15 16 | 16.1
Dodging        | 5 6 7 8 9 10 11 13 | 13.1
Fighting       | 5 6 7 9 10 11 12 14 16 17 | 17.3
Invocations    | 6 8 9 14 16 | 16.4
Armour         | 3 6 9 11 13 | 13.2
Throwing       | |  1.7

Action                   |  1- 3 |  4- 6 |  7- 9 | 10-12 || total
-------------------------+-------+-------+-------+-------++-------
Melee: Long sword        |    19 |    25 |       |       ||    44
       Kick              |       |     5 |       |    24 ||    29
       Punch             |       |     1 |     3 |     2 ||     6
       Scimitar          |       |    10 |    82 |   199 ||   291
Throw: Throwing net      |       |       |     2 |       ||     2
       Javelin           |       |       |       |     1 ||     1
Invok: Greater Servant o |       |       |       |    12 ||    12
       Major Destruction |       |       |       |     6 ||     6
Evoke: Wand              |       |     3 |     7 |       ||    10
  Use: Potion            |     1 |       |     7 |     7 ||    15
       Scroll            |       |     1 |     2 |     7 ||    10
Armor: Leather armour    |     3 |     2 |       |       ||     5
       Plate armour      |       |     3 |    38 |    55 ||    96
       Chain mail        |       |       |       |    22 ||    22
Dodge: Dodged            |    14 |    23 |    39 |    98 ||   174

Table legend: (Time is in decaauts)
 A = Elapsed time spent in this place.
 B = Non-inter-level travel time spent in this place.
 C = Inter-level travel time spent in this place.
 D = Time resting spent in this place.
 E = Time spent auto-exploring this place.
 F = Levels seen in this place.
 G = Mean time per level.
                   A        B        C        D        E       F      G
               +--------+--------+--------+--------+--------+-----+--------+
         Total |   3047 |   3047 |      0 |   1649 |    195 |   1 | 3047.0 |
       Dungeon |   3047 |   3047 |      0 |   1649 |    195 |   1 | 3047.0 |
               +--------+--------+--------+--------+--------+-----+--------+

Top non-repeatable levels by time:
       D: 3047 daAuts
